 Dungeon Crawl Stone Soup version 0.16-a0-3972-g91ea21f (console) character file.

713 MrRokkomies the Caller (level 7, 0/27 HPs)
             Began as a Felid Summoner on Feb 11, 2015.
             Was a Follower of Sif Muna.
             Shot with an arrow by a centaur (10 damage)
             ... on level 8 of the Dungeon.
             The game lasted 00:59:07 (9347 turns).

MrRokkomies the Caller (Felid Summoner)             Turns: 9347, Time: 00:59:08

Health: 0/27       AC:  2    Str:  4    XL:     7   Next: 41%
Magic:  0/17       EV: 20    Int: 19    God:    Sif Muna [*.....]
Gold:   350        SH:  0    Dex: 16    Spells: 3 memorised, 1 level left
                                        Lives:  0   Deaths: 2

rFire  . . .     SeeInvis +       - Unarmed
rCold  . . .     Clarity  .     (armour unavailable)
rNeg   . . .     SustAb   .     (shield unavailable)
rPois  +         Gourm    .     (helmet unavailable)
rElec  .         Spirit   .     (cloak unavailable)
rCorr  .         Warding  .     (gloves unavailable)
rMut   .         Stasis   .     (boots unavailable)
MR     +....                    (no amulet)
Stlth  ++++......               (no ring)
                                o - ring of poison resistance

@: very slightly contaminated, quick, somewhat resistant to hostile
enchantments, stealthy
A: paw claws, no armour, no weapons or thrown items, fangs 3, see invisible,
carnivore 3, speed 1, shaggy fur 2, slow metabolism 1, sharp paws
a: Channel Energy, Renounce Religion


You were on level 8 of the Dungeon.
You worshipped Sif Muna.
Sif Muna was aware of your devotion.
You were not hungry.

You visited 1 branch of the dungeon, and saw 8 of its levels.
You also visited: Sewer.

You collected 350 gold pieces.

Inventory:

Jewellery
 o - a ring of poison resistance (left paw)
Magical devices
 g - a wand of magic darts (0)
 i - a wand of fireball (4)
 q - a wand of polymorph (10)
 v - a wand of slowing (34)
Scrolls
 e - 5 scrolls of remove curse
 n - a scroll of teleportation
 r - 4 scrolls of magic mapping
 u - a scroll of fear
Potions
 a - a potion of invisibility {unknown}
 d - 4 potions of might
 h - 3 potions of restore abilities
 j - a potion of cure mutation
 k - 2 potions of cancellation
 l - 2 potions of curing
 m - 2 potions of flight
 s - a potion of resistance {unknown}
 t - a potion of poison {unknown}
 w - a potion of magic
Books
 b - a book of Callings

   Spells                             Type                      Level
   a - Summon Small Mammal            Summoning                    1
   b - Call Imp                       Summoning                    2
   c - Call Canine Familiar           Summoning                    3
   d - Summon Guardian Golem          Hexes/Summoning              4
   e - Summon Lightning Spire         Summoning/Air                4
   f - Summon Ice Beast               Ice/Summoning                4
Comestibles
 c - 7 meat rations
 f - 5 beef jerkies


   Skills:
 + Level 5.5 Dodging
 - Level 5.0 Stealth
 - Level 6.0 Unarmed Combat
 - Level 2.0 Spellcasting
 * Level 6.8 Summonings
 * Level 5.0 Air Magic


You had one spell level left.
You knew the following spells:

 Your Spells              Type           Power        Failure   Level  Hunger
a - Summon Lightning Spi  Summ/Air       ###.....     17%         4    #####..
b - Call Imp              Summ           ####....     1%          2    ###....
c - Call Canine Familiar  Summ           ####....     3%          3    ###....


Dungeon Overview and Level Annotations

Branches:
Dungeon (8/15)             Temple (0/1) D:5
   Lair: D:8-11

Altars:
Kikubaaqudgha
Makhleb
Sif Muna
Vehumet
Xom
Yredelemnul
The Shining One

Shops:
D:4 (   D:5 :

Annotations:
D:5 Prince Ribbit
D:8 horsemans' ghost, experienced DECj


Innate Abilities, Weirdness & Mutations

You cannot wear armour.
You are incapable of wielding weapons or throwing items.
You have razor-sharp teeth.
You have supernaturally acute eyesight.
You are carnivorous and can eat meat at any time.
You cover ground quickly.
You are covered in thick fur (AC +2).
You have a slow metabolism.
Your paws have sharp claws that are effective at stabbing.


Message History

Confirm with . or Enter, or press ? or * to list all spells.
Okay, then.
Unknown command.
Your crimson imp blinks!
You claw the crocodile!
The crocodile begins to bleed from its wounds!
The crocodile is moderately wounded.
Your surroundings suddenly seem different.
The centaur shouts!
The centaur wields a shortbow.
The centaur shoots an arrow.
The arrow misses you.
You see here an arrow.
The centaur shoots an arrow.
The arrow completely misses you.
You see here an arrow.
You start resting.
Casting: Call Imp
Confirm with . or Enter, or press ? or * to list all spells.
The centaur shoots an arrow.
The arrow completely misses you.
The centaur shoots an arrow.
The arrow hits you!
You die...

##############
#h.@.........#
#c##########.#######
#.# #######...†.....
#.###........#######
#(......c..#.#
#.(##.####.#.#
#..##.####.#.#
#..##......#.#
#..#######.#.####


You could see a centaur and a friendly hound.

Vanquished Creatures
  A hippogriff (D:8)
  A centaur (D:8)
  2 ogres
  2 giant frogs
  The ghost of MrRokkomies the Caller, an average FeSu (D:4)
  6 crimson imps
  3 worker ants
  An orc wizard (D:7)
  An orc priest (D:3)
  2 river rats
  A giant mite (D:5)
  7 adders
  2 worms
  5 giant geckos
  An ooze (D:3)
  7 orcs
  A ball python (D:1)
  12 goblins
  10 hobgoblins
  7 jackals
  10 kobolds
  3 quokkas
  6 bats
  7 giant cockroaches
  5 giant newts
  A jackal skeleton (D:7)
  10 rats
115 creatures vanquished.

Vanquished Creatures (collateral kills)
  An ice beast (D:8)
  An ogre (D:7)
  A phantom (D:7)
  A black bear (D:7)
  2 centaurs
  2 big kobolds
  A wyvern zombie (D:7)
  A giant frog (D:6)
  A goliath beetle (D:7)
  2 hounds
  A jelly (D:6)
  2 iguanas
  An orc wizard (D:4)
  A worker ant (D:4)
  Ijyb (D:2)
  7 gnolls
  A river rat (Sewer)
  3 adders
  3 giant mites (D:4)
  2 worms
  6 orcs
  3 goblins
  4 hobgoblins
  6 jackals
  6 kobolds
  A ball python (D:5)
  A ball python skeleton (D:4)
  A bat (D:1)
  2 giant cockroaches
  2 giant newts
  5 rats
72 creatures vanquished.

Vanquished Creatures (others)
  10 crimson imps
  19 hounds
  A worker ant (D:7)
  4 lightning spires
  7 shadow imps
  2 white imps
  An orc (D:7)
  2 goblins (D:7)
  2 rats (D:1)
  A fungus (D:8)
49 creatures vanquished.

Grand Total: 236 creatures vanquished

Notes
Turn   | Place    | Note
--------------------------------------------------------------
     0 | D:1      | MrRokkomies, the Felid Summoner, began the quest for the Orb.
     0 | D:1      | Reached XP level 1. HP: 7/7 MP: 4/4
   105 | D:1      | Reached skill level 1 in Unarmed Combat
   187 | D:1      | Reached XP level 2. HP: 11/11 MP: 5/5
   225 | D:1      | Learned a level 2 spell: Call Imp
  1294 | D:2      | Reached XP level 3. HP: 14/14 MP: 8/8
  1299 | D:2      | Learned a level 3 spell: Call Canine Familiar
  2490 | D:2      | Noticed Ijyb
  2525 | D:2      | Reached XP level 4. HP: 18/18 MP: 10/10
  2557 | D:2      | Killed Ijyb
  3113 | D:4      | Reached skill level 5 in Summonings
  3140 | D:4      | Found a glowing drain.
  3213 | Sewer    | Entered a sewer
  3218 | Sewer    | Reached XP level 5. HP: 19/21 MP: 10/12
  3589 | Sewer    | Noticed a big kobold
  3610 | Sewer    | Killed a big kobold
  3650 | Sewer    | Found a glowing silver altar of Zin.
  3776 | D:4      | Noticed an ogre
  3830 | D:4      | Killed an ogre
  4054 | D:4      | Found Xayblel's Antique Weapon Shop.
  4068 | D:4      | Gained mutation: You are covered in thick fur (AC +2). [growing up]
  4068 | D:4      | Reached XP level 6. HP: 24/24 MP: 14/14
  4090 | D:4      | Noticed MrRokkomies' ghost (average FeSu)
  4188 | D:3      | Found a glowing golden altar of the Shining One.
  4486 | D:3      | Learned a level 4 spell: Summon Lightning Spire
  4917 | D:3      | Reached skill level 6 in Summonings
  5204 | D:4      | Killed MrRokkomies' ghost
  5213 | D:4      | Reached skill level 1 in Air Magic
  5526 | D:4      | Found a radiant altar of Vehumet.
  5546 | D:4      | Found a shimmering altar of Xom.
  5550 | D:4      | Found a deep blue altar of Sif Muna.
  5551 | D:4      | Found a basalt altar of Yredelemnul.
  5553 | D:4      | Became a worshipper of Sif Muna the Loreminder
  5555 | D:4      | Found a burning altar of Makhleb.
  5676 | D:4      | Found a glowing golden altar of the Shining One.
  5794 | D:5      | Entered Level 5 of the Dungeon
  5838 | D:5      | Noticed Prince Ribbit
  5843 | D:5      | Reached skill level 5 in Stealth
  6745 | D:5      | Reached XP level 7. HP: 3/27 MP: 12/17
  7124 | D:5      | Found Ghyphyr's Book Shop.
  7151 | D:5      | Found a staircase to the Ecumenical Temple.
  7762 | D:6      | Noticed a troll
  7842 | D:7      | Reached skill level 5 in Unarmed Combat
  8027 | D:7      | Found an ancient bone altar of Kikubaaqudgha.
  8504 | D:7      | Reached XP level 8. HP: 16/31 MP: 3/18
  8735 | D:7      | Slain by a centaur
  8736 | D:7      | Reached XP level 7. HP: 0/27 MP: 11/17
  8941 | D:8      | Acquired Sif Muna's first power
  8981 | D:8      | Noticed horsemans' ghost (experienced DECj)
  8989 | D:8      | Shot with an arrow by a centaur
  8990 | D:8      | Reached XP level 6. HP: -1/24 MP: 3/14
  8990 | D:8      | Noticed a yak
  8990 | D:8      | Noticed a yak
  8990 | D:8      | Noticed a yak
  9054 | D:8      | Reached skill level 5 in Dodging
  9054 | D:8      | Reached XP level 7. HP: 27/27 MP: 17/17
  9144 | D:8      | Reached skill level 5 in Air Magic
  9295 | D:8      | Noticed a yak
  9347 | D:8      | Shot with an arrow by a centaur

Action                   |  1- 3 |  4- 6 |  7- 9 || total
-------------------------+-------+-------+-------++-------
Melee: Unarmed           |    81 |   213 |   205 ||   499
 Cast: Summon Small Mamm |     5 |       |       ||     5
       Call Imp          |    10 |    25 |    22 ||    57
       Call Canine Famil |     7 |    24 |    17 ||    48
       Summon Lightning  |       |     1 |    13 ||    14
Evoke: Wand              |       |     8 |     6 ||    14
  Use: Scroll            |     7 |     9 |     8 ||    24
       Potion            |       |       |     3 ||     3
 Stab: Distracted        |     1 |     2 |     3 ||     6
       Sleeping          |     2 |    16 |     7 ||    25
  Eat: Chunk             |     4 |    12 |     6 ||    22
       Royal jelly       |       |       |     1 ||     1
       Pizza             |       |       |     1 ||     1
